 Dungeon Crawl Stone Soup version 0.26.1-2-gb8aa6d0cf2 (webtiles) character file.

Game seed: 17098380827005827033

93 FishyPogo the Skirmisher (level 4, -1/37 HPs)
             Began as a Demonspawn Chaos Knight on Feb 23, 2021.
             Was a Plaything of Xom.
             Succumbed to Robin's poison
             ... on level 2 of the Dungeon.
             The game lasted 00:06:33 (1938 turns).

FishyPogo the Skirmisher (Demonspawn Chaos Knight)  Turns: 1938, Time: 00:06:34

Health: -1/37      AC:  8    Str: 12 (13) XL:     4   Next: 37%
Magic:  4/4        EV: 11    Int: 12 (14) God:    Xom [..*...]
Gold:   81         SH:  0    Dex: 10 (12) Spells: 3/3 levels left

rFire    + . .     SeeInvis .   b - +1 hand axe (vorpal)
rCold    + . .     Faith    .   (no shield)
rNeg     . . .     Spirit   .   m - +2 leather armour {rF+}
rPois    .         Reflect  .   (no helmet)
rElec    .         Harm     .   (no cloak)
rCorr    .         Rampage  .   (no gloves)
Will     .....                  (no boots)
Stlth    +.........             (no amulet)
HPRegen  0.12/turn              (no ring)
MPRegen  0.09/turn              (no ring)

@: lethally poisoned (-1 -> -29)
A: icy blue scales 2, cold resistance 1
a: Renounce Religion


You were on level 2 of the Dungeon.
You worshipped Xom.
You were a toy of Xom.
You visited 1 branch of the dungeon, and saw 2 of its levels.

You collected 81 gold pieces.

Inventory:

Hand Weapons
 a - a +0 spear of chaos
 b - a +1 vorpal hand axe (weapon)
Missiles
 c - 81 stones (quivered)
 g - 11 boomerangs
Armour
 m - a +2 leather armour of fire resistance (worn)
Scrolls
 d - a scroll of remove curse {unknown}
 e - a scroll of fear {unknown}
 i - a scroll of amnesia {unknown}
 k - 3 scrolls of identify {unknown}
 l - a scroll of teleportation {unknown}
Potions
 f - a potion of magic {unknown}
 h - 2 potions of degeneration
 j - a potion of cancellation


   Skills:
 * Level 4.1 Fighting
 - Level 1.7(2.6) Axes
 + Level 2.8(3.1) Polearms
 + Level 2.4 Armour
 - Level 1.0 Dodging


You had 3 spell levels left.
You didn't know any spells.
Your spell library was empty.

Dungeon Overview and Level Annotations

Branches:
Dungeon (2/15)

Altars:
Ashenzari

Annotations:
D:2 Robin


Innate Abilities, Weirdness & Mutations

You are mostly covered in icy blue scales. (AC +3)
Your flesh is cold resistant. (rC+)


Message History

Robin is almost dead.
* * * LOW HITPOINT WARNING * * *
You feel very sick. Robin hits you but does no damage.
Your leather armour prevents you from hitting Robin.
Robin is almost dead.
* * * LOW HITPOINT WARNING * * *
You feel sick. Robin hits you but does no damage.
You are more poisoned.
You hit Robin but do no damage.
Robin is almost dead.
* * * LOW HITPOINT WARNING * * *
You feel sick. Robin closely misses you.
Robin says, "Duck!"
Robin hits you but does no damage.
You are more poisoned.
It was a potion of cancellation.
You feel magically purged.
Xom thinks this is hilarious!
You die...
Xom laughs nastily!

#.#...##........################
#.#...##........#
#.#...##........#
#.######........# #.# #........#
#.# #........# #.#
#.......†###### #.#
######..)()...###### #.#
......g@))......... #.#
................... #.#
.......####((......
#.#################........
#..†..............'........
#.#################........ ###
#########


You could see Robin.

Vanquished Creatures
  2 adders (D:2)
  2 worms (D:2)
  A dart slug (D:1)
  A leopard gecko (D:2)
  A giant cockroach (D:1)
  14 goblins
  8 hobgoblins
  7 jackals
  9 bats
  2 frilled lizards
  8 kobolds
  A leopard gecko skeleton (D:2)
  4 rats
60 creatures vanquished.

Vanquished Creatures (others)
  12 plants (D:1)
12 creatures vanquished.

Grand Total: 72 creatures vanquished

Notes
Turn   | Place    | Note
-------+----------+-------------------------------------------
     0 | D:1      | FishyPogo the Demonspawn Chaos Knight began the quest for
                  | the Orb.
     0 | D:1      | Reached XP level 1. HP: 18/18 MP: 1/1
    68 | D:1      | Reached skill level 1 in Dodging
   234 | D:1      | Gained mutation: You are partially covered in icy blue
                  | scales. (AC +2) [demonic ancestry]
   234 | D:1      | Reached XP level 2. HP: 24/24 MP: 2/2
   300 | D:1      | Reached skill level 1 in Axes
   683 | D:1      | XOM: divination: detect items
   903 | D:2      | Gained mutation: Your flesh is cold resistant. (rC+)
                  | [demonic ancestry]
   903 | D:2      | Reached XP level 3. HP: 27/29 MP: 3/3
  1677 | D:2      | Found a broken altar of Ashenzari.
  1770 | D:2      | Gained mutation: You are mostly covered in icy blue scales.
                  | (AC +3) [demonic ancestry]
  1770 | D:2      | Reached XP level 4. HP: 29/37 MP: 4/4
  1831 | D:2      | XOM: divination: magic mapping
  1914 | D:2      | Reached skill level 4 in Fighting
  1919 | D:2      | Noticed Robin
  1938 | D:2      | Succumbed to Robin's poison

Illustrated notes

Levels and vault maps discovered:
D:1:      evilmike_arrival_rings, layout_basic, chequers_serial_rivers_marsh,
          st_stairs_7, kennysheep_boxes
D:2:      layout_basic, marbit_many_paths, uniq_robin

Skill      XL: |  1  2  3  4 |
---------------+-------------+-----
Dodging        | 1 |  1.0
Armour         | 2 |  2.4
Axes           | 1 |  1.7
Fighting       | 4 |  4.1
Polearms       | |  2.8

Action                   |  1- 3 |  4- 6 || total
-------------------------+-------+-------++-------
Melee: Spear             |   109 |    27 ||   136
       Hand axe          |     9 |    14 ||    23
Throw: Stone             |     3 |     3 ||     6
  Use: Potion            |       |     2 ||     2
 Stab: Petrified         |     2 |     4 ||     6
Armor: Leather armour    |    48 |    19 ||    67
Dodge: Dodged            |    52 |    25 ||    77
